 Dungeon Crawl Stone Soup version 0.20-a0-1025-g4706f7e (webtiles) character file.

42 Gorglomux the Insei (level 3, -5/27 HPs)
             Began as a Demigod Transmuter on Apr 19, 2017.
             Slain by a gnoll
             ... wielding a +0 flail of crushing
              (11 damage)
             ... on level 1 of the Dungeon.
             The game lasted 00:02:56 (1239 turns).

Gorglomux the Insei (Demigod Transmuter)            Turns: 1239, Time: 00:02:57

Health: -5/27      AC:  2    Str: 15    XL:     3   Next: 17%
Magic:  6/8        EV: 12    Int: 17    God:
Gold:   12         SH:  0    Dex: 16    Spells: 2/5 levels left

rFire    . . .     SeeInvis .   e - +1 dagger (venom)
rCold    . . .     Gourm    +   (no shield)
rNeg     . . .     Faith    .   b - +0 robe
rPois    .         Spirit   .   (no helmet)
rElec    .         Reflect  .   (no cloak)
rCorr    .         Harm     .   (no gloves)
MR       .....                  (no boots)
Stlth    +.........             j - amulet of the gourmand {Gourm, !d}
Regen    0.1/turn               (no ring)
MPRegen  0.2/turn               (no ring)

@: no status effects
A: high mp 1
a: no special abilities


You were on level 1 of the Dungeon.
You were very full.

You visited 1 branch of the dungeon, and saw 2 of its levels.

You collected 12 gold pieces.

Inventory:

Hand Weapons
 e - a +1 dagger of venom (weapon)
   (You took it off a goblin on level 1 of the Dungeon)
Missiles
 a - 25 arrows
Armour
 b - a +0 robe (worn)
 i - a +0 helmet
   (You found it on level 1 of the Dungeon)
Jewellery
 j - an amulet of the gourmand (around neck) {Gourm, !d}
   (You found it on level 1 of the Dungeon)
 n - an uncursed ring of see invisible {unknown}
   (You found it on level 1 of the Dungeon)
Scrolls
 g - 2 scrolls of remove curse {unknown}
 h - a scroll of identify {unknown}
 k - a scroll of noise {unknown}
 l - a scroll of immolation {unknown}
Potions
 m - a potion of flight {unknown}
 o - 2 potions of haste {unknown}
Books
 c - a book of Changes
Comestibles
 d - a bread ration {@e1@e1}
 f - a royal jelly


   Skills:
 - Level 0.8 Fighting
 - Level 1.7 Dodging
 + Level 4.0 Unarmed Combat
 - Level 1.7 Spellcasting
 - Level 1.7 Transmutations


You had 2 spell levels left.
You knew the following spells:

 Your Spells              Type           Power        Failure   Level  Hunger
a - Beastly Appendage     Tmut           #.....       10%         1    #......
s - Sticks to Snakes      Tmut           #.......     14%         2    ###....


Dungeon Overview and Level Annotations

Branches:
Dungeon (2/15)


Innate Abilities, Weirdness & Mutations

You have an increased reservoir of magic. (+10% MP)


Message History

No target in view!
No target in view!
No target in view!
No target in view!
No target in view!
Your transformation is almost over.
Your talons disappear.
Done exploring.
Health restored: 22; MP restored: 7 Done exploring.
Unknown command.
Done exploring.
Unknown command.
Done exploring.
Unknown command.
(D) Dungeon
Where to? (? - help)
There is a stone staircase leading down here.
You climb downwards.
There is a stone staircase leading up here.
Okay, then.
o - 2 grey potions A gnoll comes into view.
It is wielding a flail.
The gnoll shouts!
A gnoll is nearby!
You grow a pair of large bovine horns.
You now have 6/7 mp.
You swing at nothing.
Your transformation is almost over.
The gnoll hits you with a flail!
You take 10 damage, and have 12/22 hp.
MASSIVE DAMAGE!!
You barely miss the gnoll. Your headbutt misses the gnoll. You hit the gnoll.
The gnoll is poisoned.
The gnoll closely misses you.
You hit the gnoll.
The gnoll looks as sick as possible!
The gnoll hits you with a flail!
* * * LOW HITPOINT WARNING * * *
You take 9 damage, and have 3/22 hp.
MASSIVE DAMAGE!!
MP restored: 7 You kill the gnoll!
Your Unarmed Combat skill increases to level 4!
You have reached level 3!
Your experience leads to a dramatic increase in your attributes!
Increase (S)trength, (I)ntelligence, or (D)exterity?
You feel stronger. x2
MP restored: 8 Your horns disappear.
You see here a flail.
A gnoll comes into view. It is wielding a flail of crushing.
The gnoll shouts!
A dart slug comes into view.
There are monsters nearby!
There are monsters nearby!
There are monsters nearby!
You see here a flail.
There is a stone staircase leading up here.
You climb upwards.
There is a stone staircase leading down here.
You start resting.
Health restored: 27 Memorise Sticks to Snakes, consuming 2 spell levels and leaving 2?
You start memorising the spell.
You continue memorising. x2
You finish memorising.
Spell assigned to 's'.
Done exploring.
You climb downwards.
The gnoll hits you with a flail of crushing.
There is a stone staircase leading up, spattered with blood here.
You take 5 damage, and have 22/27 hp.
You hit the gnoll but do no damage.
The gnoll is poisoned.
You closely miss the gnoll.
The gnoll hits you with a flail of crushing!
You take 8 damage, and have 14/27 hp.
MASSIVE DAMAGE!!
The gnoll hits you with a flail of crushing!
* * * LOW HITPOINT WARNING * * *
x2 You climb upwards.
There is a stone staircase leading down here.
You take 12 damage, and have 2/27 hp.
MASSIVE DAMAGE!!
The gnoll barely misses you.
The gnoll looks more healthy.
A hobgoblin comes into view. It is wielding a club.
The hobgoblin shouts!
The hobgoblin barely misses you.
You create a snake!
You now have 25 arrows.
The hobgoblin closely misses you.
You now have 6/8 mp.
The hobgoblin closely misses you.
You see here a +0 dagger of venom.
You hit the hobgoblin.
The hobgoblin is poisoned.
You kill the hobgoblin!
Your adder completely misses the gnoll.
You closely miss the gnoll.
Your adder bites the gnoll but does no damage.
The gnoll misses your adder.
Your adder bites the gnoll.
You barely miss the gnoll. The gnoll closely misses you.
Your adder barely misses the gnoll.
You closely miss the gnoll.
Your adder closely misses the gnoll.
The gnoll hits you with a flail of crushing!
You die...

♣#♣##.....##.#.##........# #####
#####.....##.#.##.......÷########
.............#.##................
.#####'#...###.##................
.# #.#.........................
.# #.........#.#####.##........
.# #.....#####.# ##.##........ .#
#.....# #.# #..##....(.^. .#
#...#######@####.###.....).. .##
#.........gS.......'........ ..#
#..########.###.####........
.#####..########.##..# #........
#................##.## #########
#..###..##########..# .♣.# #..#
##.## ...###..# #..# .♣......#
##.##


You could see a gnoll and a friendly adder.

Vanquished Creatures
  A gnoll (D:2)
  2 leopard geckos (D:1)
  A giant cockroach (D:1)
  8 goblins (D:1)
  3 hobgoblins (D:1)
  4 jackals (D:1)
  4 bats (D:1)
  A frilled lizard (D:1)
  A kobold (D:1)
25 creatures vanquished.

Notes
Turn   | Place    | Note
-------+----------+-------------------------------------------
     0 | D:1      | Gorglomux the Demigod Transmuter began the quest for the Orb.
     0 | D:1      | Reached XP level 1. HP: 15/15 MP: 5/5
    99 | D:1      | Reached skill level 3 in Unarmed Combat
   159 | D:1      | Reached XP level 2. HP: 20/22 MP: 7/7
   937 | D:2      | HP: 3/22 [gnoll/flail (9)]
   942 | D:2      | Reached skill level 4 in Unarmed Combat
   942 | D:2      | Gorglomux: !rng s d
   942 | D:2      | beem: The RNG chooses: s.
   942 | D:2      | Gorglomux: !rng s i d
   942 | D:2      | beem: The RNG chooses: s.
   942 | D:2      | Reached XP level 3. HP: 5/27 MP: 8/8
  1189 | D:1      | Learned a level 2 spell: Sticks to Snakes
  1193 | D:2      | HP: 3/27 [gnoll/flail of crushing (11)]
  1239 | D:1      | Slain by a gnoll

Vault maps used:
D:1:      nagdon_arrival_double_spiral, serial_forest,
          infiniplex_forest_lined_3, infiniplex_forest_straight_2,
          infiniplex_forest_lined_3_way, infiniplex_forest_lined_3
D:2:      uniq_natasha

Skill      XL: |  1  2 |
---------------+-------+-----
Unarmed Combat | 3 4 |  4.0
Fighting       | |  0.8
Dodging        | |  1.7
Spellcasting   | |  1.7
Transmutations | |  1.7

Action                   || total
-------------------------++-------
Melee: Dagger            ||    66
       Unarmed           ||     8
       Kick              ||     6
       Headbutt          ||     1
       Punch             ||     1
 Cast: Beastly Appendage ||     9
       Sticks to Snakes  ||     1
 Stab: Sleeping          ||     1
  Eat: Chunk             ||    16
Armor: Robe              ||     8
Dodge: Dodged            ||    55

Vault maps used:
D:1:      nagdon_arrival_double_spiral, serial_forest,
          infiniplex_forest_lined_3, infiniplex_forest_straight_2,
          infiniplex_forest_lined_3_way, infiniplex_forest_lined_3
D:2:      uniq_natasha

Table legend:
 A = Turns spent in this place as a percentage of turns spent in the entire game.
 B = Non-inter-level travel turns spent in this place as a percentage of non-inter-level travel turns spent in the entire game.
 C = Inter-level travel turns spent in this place as a percentage of turns spent in this place.
 D = Turns resting spent in this place as a percentage of non-inter-level travel turns spent in this place.
 E = Turns spent auto-exploring this place as a percentage of non-inter-level travel turns spent in this place.
 F = Non-inter-level travel turns spent in this place divided by the number of levels of this place that you've seen.
                   A       B       C       D       E      F
               +-------+-------+-------+-------+-------+----------------------
         Total | 100.0 | 100.0 |   0.2 |   2.2 |   8.1 | 229.5
       Dungeon | 100.0 | 100.0 |   0.2 |   2.2 |   8.1 | 229.5
               +-------+-------+-------+-------+-------+----------------------

Table legend:
 A = Kills in this place as a percentage of kills in entire the game.
 B = Kills by you in this place as a percentage of kills by you in the entire game.
 C = Kills by friends in this place as a percentage of kills by friends in the entire game.
 D = Other kills in this place as a percentage of other kills in the entire game.
 E = Experience gained in this place as a percentage of experience gained in the entire game.
 F = Experience gained in this place divided by the number of levels of this place that you have seen.
                   A       B       C       D       E      F
               +-------+-------+-------+-------+-------+----------------------
         Total | 100.0 | 100.0 |  -nan |  -nan | 100.0 |  30.0
       Dungeon | 100.0 | 100.0 |  -nan |  -nan | 100.0 |  30.0
               +-------+-------+-------+-------+-------+----------------------
